 Seeded DCSS version 0.30.1-4-g462c640d31 (webtiles) character file.

Game seed: 15660985446129201502 (custom seed)

47 AccursedSamuel the Poker (level 3, 23/23 HPs)
             Began as a Tengu Monk on Sept 14, 2023.
             Was a Believer of Yredelemnul.
             Quit the game on level 2 of the Dungeon.
             The game lasted 00:04:06 (1183 turns).

AccursedSamuel the Poker (Tengu Monk)               Turns: 1183, Time: 00:04:07

Health: 23/23      AC:  2    Str: 11    XL:     3   Next: 70%
Magic:  4/4        EV: 14    Int: 15    God:    Yredelemnul [**....]
Gold:   194        SH:  0    Dex: 21    Spells: 2/2 levels left

rFire   . . .        e - +1 arbalest "Ujofuom" {penet, Int+5 Dex+3}
rCold   . . .        (shield currently unavailable)
rNeg    . . .        b - +0 robe
rPois   .            (helmet restricted)
rElec   .            (no cloak)
rCorr   .            (no gloves)
SInv    .            (boots unavailable)
Will    .....        (no amulet)
Stlth   ++           (no ring)
HPRegen 0.23/turn    (no ring)
MPRegen 0.09/turn

%: no passive effects
@: no status effects
A: beak, talons 3
a: Renounce Religion, Recall Undead Harvest, Dark Bargain


You were on level 2 of the Dungeon.
You worshipped Yredelemnul.
Yredelemnul was noncommittal.
You visited 1 branch of the dungeon, and saw 2 of its levels.

You collected 194 gold pieces.

Inventory:

Hand Weapons
 e - the +1 arbalest "Ujofuom" (weapon) {penet, Int+5 Dex+3}
   (You acquired it on level 1 of the Dungeon)

   Int:       It affects your intelligence (+5).
   Dex:       It affects your dexterity (+3).
Armour
 b - a +0 robe (worn)
 d - an orb of light
Scrolls
 a - a scroll of teleportation {unknown}
 g - a scroll of enchant armour {unknown}
 h - a scroll of noise {unknown}
 j - a scroll of immolation {unknown}
Potions
 c - a potion of ambrosia
 f - a potion of curing {unknown}
 i - a potion of degeneration {unknown}
 k - a potion of attraction {unknown}


   Skills:
 + Level 3.3 Fighting
 + Level 3.7 Polearms
 + Level 2.0 Ranged Weapons
 + Level 3.7 Dodging


You had 2 spell levels left.
You didn't know any spells.
Your spell library contained the following spells:

 Spells                   Type           Power      Damage    Failure   Level
 Cigotuvi's Dreadful Rot  Necr/Pois/Air  0%         N/A       38%         2
 Dispel Undead            Necr           0%         3d6       95%         4
 Death Channel            Necr           Unusable   N/A       N/A         6

Dungeon Overview and Level Annotations

Branches:
Dungeon (2/15)

Altars:
Yredelemnul


Innate Abilities, Weirdness & Mutations

You have a beak for a mouth.
You have claws for feet.


Message History

Your bat zombie closely misses the kobold.
A kobold is nearby!
A kobold is nearby!
A kobold is nearby!
A kobold is nearby!
Your bat zombie hits the kobold but does no damage.
Your bat zombie misses the kobold.
Your bat zombie closely misses the kobold. x2
The kobold throws a stone.
The stone hits your bat zombie.
Your bat zombie closely misses the kobold.
Your bat zombie hits the kobold but does no damage.
Your bat zombie closely misses the kobold.
Your bat zombie barely misses the kobold.
Your bat zombie hits the kobold but does no damage.
Your bat zombie barely misses the kobold.
The kobold hits your bat zombie with a +0 club.
Your bat zombie closely misses the kobold.
Your bat zombie hits the kobold but does no damage.
Your bat zombie barely misses the kobold.
Your bat zombie misses the kobold.
Your bat zombie hits the kobold.
The kobold hits your bat zombie with a +0 club.
Your bat zombie is destroyed!
Your bat zombie hits the kobold.
There is a stone staircase leading down here.
Your bat zombie hits the kobold but does no damage.
Your bat zombie closely misses the kobold.
Your bat zombie hits the kobold but does no damage.
Your bat zombie closely misses the kobold.
Your bat zombie completely misses the kobold.
Your giant cockroach zombie bites the kobold but does no damage.
The kobold hits your giant cockroach zombie with a +0 club.
Your bat zombie barely misses the kobold.
Your bat zombie closely misses the kobold.
Your bat zombie hits the kobold.
The kobold dies!
Your Ranged Weapons skill increases to level 2!
You swap places.
You can now trade souls for undead servants.
Unknown command.
Are you sure you want to abandon this character and quit the game? (Confirm with "yes".)

#Z#.... #. #Z#.... ⌠.#
#. #Z#.... ..#.#.
#Z#...#
##..#.############.###.#
............Z...........
........>.Z......#.###.#
......$ZZ######..#.# #.#
.......@ZZ# #..#.# #.#
.......ZZZ# #..#.# #.#
?..##.##).# ##...# #.#
## #.. #.## #...###.#
.... ..# #.......# ..#..
#.# #)#.###.. ...#. .#
#.#.# #.. ## .. #<#.#
#.. #..............#


You could see a friendly bat zombie, 3 friendly ball python zombies, a friendly
adder zombie, a friendly quokka zombie and 3 friendly giant cockroach zombies.

Vanquished Creatures
  An adder (D:2)
  3 endoplasms
  A giant cockroach (D:2)
  4 goblins
  3 hobgoblins (D:1)
  4 kobolds
  5 quokkas
  2 ball pythons (D:1)
  2 bats (D:1)
  4 frilled lizards
  4 rats (D:1)
  A spectral kobold (D:2)
34 creatures vanquished.

Vanquished Creatures (collateral kills)
  A kobold (D:2)
1 creature vanquished.

Vanquished Creatures (others)
  A bat zombie (D:2)
1 creature vanquished.

Grand Total: 36 creatures vanquished

Notes
Turn   | Place    | Note
-------+----------+-------------------------------------------
     0 | D:1      | AccursedSamuel the Tengu Monk began the quest for the Orb.
     0 | D:1      | Reached XP level 1. HP: 14/14 MP: 2/2
    70 | D:1      | Reached XP level 2. HP: 19/19 MP: 3/3
   122 | D:1      | Identified a scroll of acquirement
   122 | D:1      | Acquired the +1 arbalest "Ujofuom" {penet, Int+5 Dex+3}
   615 | D:1      | Reached XP level 3. HP: 23/23 MP: 4/4
   942 | D:2      | Reached skill level 1 in Ranged Weapons
  1056 | D:2      | Found a faded altar of an unknown god.
  1073 | D:2      | Prayed at the altar of an unknown god.
  1073 | D:2      | Became a worshipper of Yredelemnul the Dark
  1073 | D:2      | Reached * piety under Yredelemnul
  1073 | D:2      | Reached ** piety under Yredelemnul
  1183 | D:2      | Quit the game

Illustrated notes

Levels and vault maps discovered:
D:1:      minmay_arrival_pointy, layout_loops_ring, minmay_gold_behind_fungi
D:2:      layout_basic, dreamdust_ecumenical_altar_drowned_temple,
          hangedman_decor_clover_reticule, fountainhead,
          uniq_crazy_yiuf_cottage, uniq_jessica

Skill      XL: |  1  2  3 |
---------------+----------+-----
Ranged Weapons | 2 |  2.0
Fighting       | |  3.3
Polearms       | |  3.7
Dodging        | |  3.7

Action                     || total
---------------------------++-------
  Melee: Spear             ||    14
         Peck              ||     5
         Kick              ||     3
   Fire: Arbalest          ||    62
    Use: Scroll            ||     1
 Armour: Robe              ||    16
  Dodge: Dodged            ||    50
